AA - U28
QUEBEC METROS @ NEW HAMPSHIRE FISHER CATS
08/22/2052
 
TOP OF THE 1ST
New Hampshire Fisher Cats batting - Pitching for Altoona Curve : RHP Russell Stevenson
Pitching: RHP Russell Stevenson
Batting: RHB Manny Cabrera 0-0: Called Strike
0-1: Swinging Strike
0-2: Strikes out looking
Batting: RHB Halford Pickett 0-0: Called Strike
0-1: Foul Ball, location: 2F
0-2: Strikes out swinging
Batting: LHB Alex Faller 0-0: SINGLE (Groundball, 6S, EV 66.2 MPH) (infield hit)
Batting: LHB Joel Tejada 0-0: Ball
1-0: Ball
2-0: Ball
3-0: Base on Balls
Alex Faller to second
Batting: RHB Tim Fox 0-0: Ball
1-0: Called Strike
1-1: Ball
2-1: Foul Ball, location: 2F
2-2: Ball
3-2: Base on Balls
Alex Faller to third
Joel Tejada to second
Batting: LHB Raul de Cruz 0-0: Foul Ball, location: 2F
0-1: Ball
Wild Pitch!
Alex Faller scores
Joel Tejada to third
Tim Fox to second
1-1: Ball
2-1: Foul Ball, location: 2F
2-2: Foul Ball, location: 2F
2-2: Ball
3-2: Foul Ball, location: 2F
3-2: Foul Ball, location: 2F
3-2: Fly out, F7 (Flyball, 7, EV 93.1 MPH)
Top of the 1st over - 1 run, 1 hit, 0 errors, 2 left on base; New Hampshire 1 - Altoona 0
BOTTOM OF THE 1ST
Altoona Curve batting - Pitching for New Hampshire Fisher Cats : RHP P.J. Acosta
Pitching: RHP P.J. Acosta
Batting: SHB Alfonzo Montes 0-0: Called Strike
0-1: Called Strike
0-2: Strikes out swinging
Batting: LHB Landon Jacobs 0-0: Foul Ball, location: 2F
0-1: Ball
1-1: SINGLE (Line Drive, 7S, EV 99.4 MPH)
Batting: RHB Pablo Varela 0-0: Fly out, F8 (Flyball, 89M, EV 84.4 MPH)
Batting: RHB Robb Bradley 0-0: SINGLE (Line Drive, 89S, EV 102.5 MPH)
Landon Jacobs to second
Runner from 2nd tries for 3rd, SAFE, no throw by RF
Batting: RHB Burley Hunsaker 0-0: Called Strike
0-1: Foul Ball, location: 2F
0-2: Ball
1-2: Ball
2-2: Foul Ball, location: 2F
2-2: Ball
3-2: Strikes out swinging
Bottom of the 1st over - 0 runs, 2 hits, 0 errors, 2 left on base; New Hampshire 1 - Altoona 0
TOP OF THE 2ND
New Hampshire Fisher Cats batting - Pitching for Altoona Curve : RHP Russell Stevenson
Batting: RHB Lucas Dominic 0-0: Ground out 6-3 (Groundball, 6M, EV 106.2 MPH)
Batting: RHB Kraig Band 0-0: Fly out, F8 (Flyball, 8RD, EV 93.8 MPH)
Batting: LHB Troy Jessamy 0-0: Ground out 4-3 (Groundball, 4, EV 87.5 MPH)
Top of the 2nd over - 0 runs, 0 hits, 0 errors, 0 left on base; New Hampshire 1 - Altoona 0
BOTTOM OF THE 2ND
Altoona Curve batting - Pitching for New Hampshire Fisher Cats : RHP P.J. Acosta
Batting: SHB Ryan Weathersbee 0-0: Ball
1-0: Called Strike
1-1: Ground out 4-3 (Groundball, 4, EV 91.9 MPH)
Batting: RHB Benito Teran 0-0: Ball
1-0: Foul Ball, location: 2F
1-1: Fly out, F8 (Flyball, 8RD, EV 99.4 MPH)
Batting: RHB Richard Jacquin 0-0: Ball
1-0: Ball
2-0: Ground out 6-3 (Groundball, 6D, EV 105.6 MPH)
Bottom of the 2nd over - 0 runs, 0 hits, 0 errors, 0 left on base; New Hampshire 1 - Altoona 0
TOP OF THE 3RD
New Hampshire Fisher Cats batting - Pitching for Altoona Curve : RHP Russell Stevenson
Batting: RHB Manny Cabrera 0-0: Ball
1-0: Ball
2-0: Ball
3-0: Called Strike
3-1: Swinging Strike
3-2: Fly out, F8 (Line Drive, 8RM, EV 107.5 MPH)
Batting: RHB Halford Pickett 0-0: Ball
1-0: SINGLE (Groundball, 6, EV 106.2 MPH)
Batting: LHB Alex Faller 0-0: Called Strike
0-1: Swinging Strike
0-2: Ball
1-2: Foul Ball, location: 2F
1-2: Fly out, F9 (Flyball, 89S, EV 93.1 MPH)
Batting: LHB Joel Tejada 0-0: Ball
1-0: Called Strike
1-1: Foul Ball, location: 2F
1-2: Ball
2-2: Ball
3-2: Fly out, F8 (Flyball, 8LD, EV 84.4 MPH)
Top of the 3rd over - 0 runs, 1 hit, 0 errors, 1 left on base; New Hampshire 1 - Altoona 0
BOTTOM OF THE 3RD
Altoona Curve batting - Pitching for New Hampshire Fisher Cats : RHP P.J. Acosta
Batting: RHB Gael Brown 0-0: Called Strike
0-1: Fly out, F6 (Line Drive, 6, EV 72.5 MPH)
Batting: SHB Alfonzo Montes 0-0: Ball
1-0: Ground out 6-3 (Groundball, 6, EV 92.5 MPH)
Batting: LHB Landon Jacobs 0-0: Ball
1-0: Ground out 1-3 (Groundball, 15S, EV 65.6 MPH)
Bottom of the 3rd over - 0 runs, 0 hits, 0 errors, 0 left on base; New Hampshire 1 - Altoona 0
TOP OF THE 4TH
New Hampshire Fisher Cats batting - Pitching for Altoona Curve : RHP Russell Stevenson
Batting: RHB Tim Fox 0-0: Ground out 3-1 (Groundball, 34, EV 81.2 MPH)
Batting: LHB Raul de Cruz 0-0: Ball
1-0: Ball
2-0: Foul Ball, location: 2F
2-1: Ball
3-1: Base on Balls
Batting: RHB Lucas Dominic 0-0: Swinging Strike
0-1: Fly out, F3 (Popup, 23F, EV 85.0 MPH)
Batting: RHB Kraig Band 0-0: Ball
1-0: Fielders Choice at 2nd, 6-4 (Groundball, 56, EV 90.6 MPH)
Top of the 4th over - 0 runs, 0 hits, 0 errors, 1 left on base; New Hampshire 1 - Altoona 0
BOTTOM OF THE 4TH
Altoona Curve batting - Pitching for New Hampshire Fisher Cats : RHP P.J. Acosta
Batting: RHB Pablo Varela 0-0: SOLO HOME RUN (Flyball, 89XD, EV 108.1 MPH), Distance : 410 ft
Batting: RHB Robb Bradley 0-0: Called Strike
0-1: Foul Ball, location: 2F
0-2: Ball
1-2: Ball
2-2: Foul Ball, location: 2F
2-2: Fly out, F9 (Flyball, 9D, EV 103.8 MPH)
Batting: RHB Burley Hunsaker 0-0: Called Strike
0-1: Foul Ball, location: 2F
0-2: Ground out 4-3 (Groundball, 4, EV 102.5 MPH)
Batting: SHB Ryan Weathersbee 0-0: Foul Ball, location: 2F
0-1: Called Strike
0-2: Ball
1-2: Ball
2-2: Ball
3-2: Foul Ball, location: 2F
3-2: Foul Ball, location: 2F
3-2: Foul Ball, location: 2F
3-2: Foul Ball, location: 2F
3-2: Base on Balls
Batting: RHB Benito Teran 0-0: Ball
1-0: Foul Ball, location: 2F
1-1: Ball
2-1: Foul Ball, location: 2F
2-2: Foul Ball, location: 2F
2-2: Ball
3-2: Foul Ball, location: 2F
3-2: Foul Ball, location: 2F
3-2: Ground out 5-3 (Groundball, 56S, EV 90.0 MPH)
Bottom of the 4th over - 1 run, 1 hit, 0 errors, 1 left on base; New Hampshire 1 - Altoona 1
TOP OF THE 5TH
New Hampshire Fisher Cats batting - Pitching for Altoona Curve : RHP Russell Stevenson
Batting: LHB Troy Jessamy 0-0: Called Strike
0-1: Swinging Strike
0-2: Foul Ball, location: 2F
0-2: Ball
1-2: Strikes out swinging
Batting: RHB Manny Cabrera 0-0: Fly out, F6 (Flyball, 5D, EV 96.2 MPH)
Batting: RHB Halford Pickett 0-0: Foul Ball, location: 2F
0-1: Foul Ball, location: 2F
0-2: Strikes out swinging
Top of the 5th over - 0 runs, 0 hits, 0 errors, 0 left on base; New Hampshire 1 - Altoona 1
BOTTOM OF THE 5TH
Altoona Curve batting - Pitching for New Hampshire Fisher Cats : RHP P.J. Acosta
Batting: RHB Richard Jacquin 0-0: Ball
1-0: SINGLE (Groundball, 56S, EV 70.0 MPH) (infield hit)
Batting: RHB Gael Brown 0-0: Ball
1-0: Ball
2-0: Bunted foul
2-1: Bunted foul
2-2: Fly out, F8 (Flyball, 8RD, EV 87.5 MPH)
Batting: SHB Alfonzo Montes 0-0: Ball
1-0: Ball
2-0: Fielders Choice at 2nd, 3-6 (Groundball, 34S, EV 81.2 MPH)
Batting: LHB Landon Jacobs 0-0: Ball
1-0: Ball
2-0: Called Strike
2-1: Called Strike
2-2: Strikes out swinging
Bottom of the 5th over - 0 runs, 1 hit, 0 errors, 1 left on base; New Hampshire 1 - Altoona 1
TOP OF THE 6TH
New Hampshire Fisher Cats batting - Pitching for Altoona Curve : RHP Russell Stevenson
Batting: LHB Alex Faller 0-0: Ball
1-0: Called Strike
1-1: Fly out, F8 (Flyball, 78M, EV 90.6 MPH)
Batting: LHB Joel Tejada 0-0: Ball
1-0: Ball
2-0: Called Strike
2-1: Swinging Strike
2-2: SINGLE (Groundball, 34D, EV 110.0 MPH)
Batting: RHB Tim Fox 0-0: Ball
1-0: Called Strike
1-1: Foul Ball, location: 2F
1-2: Fielders Choice at 2nd, 6-4 (Groundball, 56, EV 103.8 MPH)
Batting: LHB Raul de Cruz 0-0: Ball
1-0: SINGLE (Line Drive, 8RS, EV 86.2 MPH)
Tim Fox to second
Runner from 2nd tries for 3rd, SAFE, throw by CF made to third
Batting: RHB Lucas Dominic 0-0: Foul Ball, location: 2F
0-1: Ball
1-1: Ball
2-1: Ball
3-1: Base on Balls
Raul de Cruz to second
Batting: RHB Kraig Band 0-0: Called Strike
0-1: Ball
1-1: Fly out, F8 (Flyball, 8LD, EV 100.6 MPH)
Top of the 6th over - 0 runs, 2 hits, 0 errors, 3 left on base; New Hampshire 1 - Altoona 1
BOTTOM OF THE 6TH
Altoona Curve batting - Pitching for New Hampshire Fisher Cats : RHP P.J. Acosta
Batting: RHB Pablo Varela 0-0: Ball
1-0: Ball
2-0: Fly out, F9 (Flyball, 9LS, EV 89.4 MPH)
Batting: RHB Robb Bradley 0-0: Ball
1-0: Ball
2-0: SOLO HOME RUN (Flyball, 7LD, EV 93.8 MPH), Distance : 351 ft
Batting: RHB Burley Hunsaker 0-0: Foul Ball, location: 2F
0-1: Ball
1-1: Fly out, F8 (Flyball, 8RS, EV 95.6 MPH)
Batting: SHB Ryan Weathersbee 0-0: Ground out 6-3 (Groundball, 56, EV 105.0 MPH)
Bottom of the 6th over - 1 run, 1 hit, 0 errors, 0 left on base; New Hampshire 1 - Altoona 2
TOP OF THE 7TH
New Hampshire Fisher Cats batting - Pitching for Altoona Curve : RHP Russell Stevenson
Batting: LHB Troy Jessamy 0-0: Called Strike
0-1: Ball
1-1: Ball
2-1: Ball
3-1: Called Strike
3-2: Base on Balls
Batting: RHB Manny Cabrera 0-0: Sac Bunt to 2L - play at first, batter OUT! 2-4
Troy Jessamy to second
Batting: RHB Halford Pickett 0-0: Foul Ball, location: 2F
0-1: Swinging Strike
0-2: Ball
1-2: Ball
2-2: Foul Ball, location: 2F
2-2: Ball
3-2: 2-RUN HOME RUN (Flyball, 8RXD, EV 106.9 MPH), Distance : 430 ft
Batting: LHB Alex Faller 0-0: Ball
1-0: Foul Ball, location: 2F
1-1: Reached via error on a dropped throw from 3B, E3 (Groundball, 5L, EV 83.1 MPH)
Pitching: RHP Travis Boardley
Batting: LHB Joel Tejada 0-0: Called Strike
0-1: Called Strike
0-2: Grounds into double play, 4-6-3 (Groundball, 4, EV 105.0 MPH)
Top of the 7th over - 2 runs, 1 hit, 1 error, 0 left on base; New Hampshire 3 - Altoona 2
BOTTOM OF THE 7TH
Altoona Curve batting - Pitching for New Hampshire Fisher Cats : RHP P.J. Acosta
Batting: RHB Benito Teran 0-0: Ball
1-0: Foul Ball, location: 2F
1-1: Ball
2-1: Foul Ball, location: 2F
2-2: Foul Ball, location: 2F
2-2: SINGLE (Groundball, 6MS, EV 63.8 MPH) (infield hit)
Batting: RHB Richard Jacquin 0-0: Bunted foul
0-1: Bunted foul
0-2: Ball
1-2: Ball
2-2: Foul Ball, location: 2F
2-2: Fly out, F6 (Line Drive, 5, EV 71.2 MPH)
Pitching: RHP Keenan Housenga
Pinch Hitting: LHB Jesse Meschi 0-0: Ball
1-0: Foul Ball, location: 2F
1-1: Ball
2-1: SINGLE (Line Drive, 78S, EV 102.5 MPH)
Benito Teran to second
Batting: SHB Alfonzo Montes 0-0: Called Strike
0-1: Foul Ball, location: 2F
0-2: Strikes out swinging
Batting: LHB Landon Jacobs 0-0: Ball
1-0: Ball
2-0: Ground out 1-3 (Groundball, 15S, EV 69.4 MPH)
Bottom of the 7th over - 0 runs, 2 hits, 0 errors, 2 left on base; New Hampshire 3 - Altoona 2
TOP OF THE 8TH
New Hampshire Fisher Cats batting - Pitching for Altoona Curve : RHP Travis Boardley
Now at 3B: Julian Uzliyan
Batting: RHB Tim Fox 0-0: Fly out, F8 (Flyball, 8RXD, EV 95.0 MPH)
Batting: LHB Raul de Cruz 0-0: Ball
1-0: Ball
2-0: Ground out U3 (Groundball, 34S, EV 88.1 MPH)
Batting: RHB Lucas Dominic 0-0: Ball
1-0: Foul Ball, location: 2F
1-1: Ball
2-1: Foul Ball, location: 2F
2-2: Ground out 5-3 (Groundball, 56S, EV 66.9 MPH)
Top of the 8th over - 0 runs, 0 hits, 0 errors, 0 left on base; New Hampshire 3 - Altoona 2
BOTTOM OF THE 8TH
Altoona Curve batting - Pitching for New Hampshire Fisher Cats : RHP Keenan Housenga
Batting: RHB Pablo Varela 0-0: Foul Ball, location: 2F
0-1: Hit by Pitch
Batting: LHB Trent Mellen 0-0: Ball
1-0: Ball
2-0: Called Strike
2-1: Ball
3-1: Foul Ball, location: 2F
3-2: Strikes out swinging
Batting: RHB Burley Hunsaker 0-0: Ball
1-0: Ground out 6-3 (Groundball, 56S, EV 68.8 MPH)
Pablo Varela to second
Batting: SHB Ryan Weathersbee 0-0: Swinging Strike
0-1: Foul Ball, location: 2F
0-2: Ball
1-2: Ground out 6-3 (Groundball, 6, EV 108.1 MPH)
Bottom of the 8th over - 0 runs, 0 hits, 0 errors, 1 left on base; New Hampshire 3 - Altoona 2
TOP OF THE 9TH
New Hampshire Fisher Cats batting - Pitching for Altoona Curve : RHP Travis Boardley
Pitching: RHP Jason Hennig
Batting: RHB Kraig Band 0-0: Called Strike
0-1: Called Strike
0-2: Fly out, F8 (Flyball, 8RM, EV 96.9 MPH)
Batting: LHB Troy Jessamy 0-0: Ball
1-0: Foul Ball, location: 2F
1-1: Ball
2-1: Ball
3-1: Foul Ball, location: 2F
3-2: Base on Balls
Batting: RHB Manny Cabrera 0-0: Ball
1-0: Ground out 5-3 (Groundball, 6S, EV 88.8 MPH)
Troy Jessamy to second
Batting: RHB Halford Pickett 0-0: Ball
1-0: Ball
2-0: Ball
3-0: Base on Balls
Batting: LHB Alex Faller 0-0: Ground out U3 (Groundball, 3S, EV 93.1 MPH)
Top of the 9th over - 0 runs, 0 hits, 0 errors, 2 left on base; New Hampshire 3 - Altoona 2
BOTTOM OF THE 9TH
Altoona Curve batting - Pitching for New Hampshire Fisher Cats : RHP Keenan Housenga
Pitching: RHP Mike Wolters
Batting: RHB Benito Teran 0-0: Ball
1-0: Called Strike
1-1: Swinging Strike
1-2: Strikes out swinging
Batting: RHB Richard Jacquin 0-0: Foul Ball, location: 2F
0-1: Called Strike
0-2: Ball
1-2: Strikes out swinging, 2-3 out at first.
Pinch Hitting: RHB Boult Symons 0-0: Ball
1-0: SINGLE (Line Drive, 8RS, EV 90.6 MPH)
Batting: SHB Alfonzo Montes 0-0: Ball
1-0: Ball
2-0: Called Strike
2-1: Called Strike
2-2: Foul Ball, location: 2F
2-2: Strikes out swinging
Bottom of the 9th over - 0 runs, 1 hit, 0 errors, 1 left on base; New Hampshire 3 - Altoona 2
Saturday, May 4th , 2024 - OOTP Baseball 24.11 Build 85